 Dungeon Crawl Stone Soup version 0.32-a0-652-g5f7579b (webtiles) character file.

Game seed: 7659478273065100300

128 Dorkslayer the Ruffian (level 5, 0/36 HPs)
             Began as an Octopode Fighter on Mar 8, 2024.
             Slain by an adder (1 damage)
             ... in a sewer.
             The game lasted 00:04:23 (1623 turns).

Dorkslayer the Ruffian (Octopode Fighter)           Turns: 1623, Time: 00:04:24

Health: 0/36       AC:  1    Str: 16    XL:     5   Next: 11%
Magic:  5/5        EV: 14    Int:  8    God:
Gold:   76         SH:  5    Dex: 19    Spells: 4/4 levels left

rFire   . .          .
                       - Unarmed
rCold   . . .        a - +0 buckler
rNeg    . . .        (helmet restricted)
rPois   +            h - amulet of magic regeneration
rElec   .            (no ring)
rCorr   .            (no ring)
SInv    .            (no ring)
Will    .....        (no ring)
Stlth   ++++         (no ring)
HPRegen 0.26/turn    (no ring)
MPRegen 0.49/turn    (no ring)
                     (no ring)

%: no passive effects
@: mighty, brilliant
A: almost no armour, amphibious, 8 rings, camouflage 1, gelatinous body 1,
nimble swimmer 1, tentacles, agile 2, poison resistance, no potion heal 1
a: no special abilities


You were in a sewer.
You visited 1 branch of the dungeon, and saw 3 of its levels.
You also visited: Sewer.

You collected 116 gold pieces.
You spent 40 gold pieces at shops.

Inventory:

Armour
 a - a +0 buckler (worn)
Jewellery
 h - an amulet of magic regeneration (around mantle)
Scrolls
 d - a scroll of amnesia
 e - a scroll of brand weapon {unknown}
 f - a scroll of summoning {unknown}
Potions
 g - a potion of resistance
 j - a potion of haste {unknown}
 k - a potion of brilliance
 l - a potion of invisibility {unknown}
 m - a potion of magic {unknown}


   Skills:
 + Level 3.4 Fighting
 + Level 3.3 Dodging
 + Level 1.7 Stealth
 + Level 3.4 Shields
 * Level 3.9 Unarmed Combat


You had 4 spell levels left.
You didn't know any spells.
Your spell library contained the following spells:

 Spells                   Type           Power      Damage    Failure   Level
 Inner Flame              Hex/Fire       0%         N/A       86%         3
 Flame Wave               Conj/Fire      0%         2d4       99%         4
 Sticky Flame             Fire/Alch      0%         2d4       99%         4


Dungeon Overview and Level Annotations

Branches:
Dungeon (3/15)              Sewer (1/1)

Altars:

Shops:
D:1 ??**


Innate Abilities, Weirdness & Mutations

You cannot wear most types of armour.
You are amphibious.
You can wear up to eight rings at the same time.
Your skin changes colour to match your surroundings (Stealth+).
Your rubbery body absorbs attacks. (AC +1, EV +1)
You are camouflaged when in or above water. (Stealth+)
You have tentacles for arms and can constrict up to eight enemies at once.
You are very agile. (Dex +8, Str/Int -2)
Your system is resistant to poisons. (rPois)
Potions are less effective at restoring your health.


Message History

You have reached level 5!
You feel stronger.
You feel very mighty all of a sudden.
You feel sick. The adder bites you. The adder closely misses you.
You block the river rat's attack. The river rat bites you. The adder bites you.
You are more poisoned.
The adder poisons you!
Unknown command.
You feel better. The adder bites you. x2
You are poisoned.
The adder poisons you! The river rat bites you.
The river rat closely misses you.
You bludgeon the river rat!
You kill the river rat!
You feel sick. The adder barely misses you. The adder bites you.
The river rat closely misses you. The adder closely misses you.
The brain worm's bulging head throbs.
Something gnaws on your mind!
You feel your power leaking away.
As you read the scroll labelled ZAVVEKK UPHO, it crumbles to dust.
It is a scroll of amnesia.
You feel forgetful for a moment.
You feel sick. You block the adder's attack. The adder bites you.
The river rat bites you!
* * * LOW HITPOINT WARNING * * *
The adder misses you.
Unknown command.
Okay, then.
It was a potion of brilliance.
You feel clever all of a sudden.
You feel sick.
The adder closely misses you. x2; The river rat bites you.
* * * LOW HITPOINT WARNING * * *
It was a potion of mutation.
You feel extremely strange.
You feel resistant to poisons.
You feel agile.
Your system partially rejects the healing effects of potions.
You feel agile.
* * * LOW HITPOINT WARNING * * *
You feel sick.
You are no longer poisoned.
The adder bites you.
You die...

##### ##
#≈≈≈# ##.##
#≈≈≈# ....#
#≈≈≈##~...##
#≈≈≈#~.....#
#r≈≈#~.....#
#SS≈...#
#@rw~~.#
#≈†.~~##
#≈≈~~.#
#≈≈~~##
#≈≈≈.#######
#≈≈≈~~.~~~~~
#≈≈≈≈≈≈≈≈≈≈≈
#≈≈~~~~~~~~~
#≈≈~###~≈~##


You could see a brain worm, 2 adders and 2 river rats.

Vanquished Creatures
  2 adders
  2 river rats
  4 ribbon worms (D:2)
  A dart slug (D:2)
  10 bats
  9 endoplasms
  3 giant cockroaches
  5 goblins
  5 hobgoblins
  4 jackals
  3 kobolds
  7 quokkas
  12 ball pythons
  A frilled lizard (D:1)
  5 rats
73 creatures vanquished.

Notes
Turn   | Place    | Note
-------+----------+-------------------------------------------
     0 | D:1      | Dorkslayer the Octopode Fighter began the quest for the
                  | Orb.
     0 | D:1      | Reached XP level 1. HP: 16/16 MP: 1/1
   132 | D:1      | Reached XP level 2. HP: 21/21 MP: 2/2
   136 | D:1      | Found Okluaxuc's General Store.
   248 | D:1      | Reached XP level 3. HP: 16/26 MP: 3/3
   316 | D:1      | Found Dukapt's Magic Scroll Emporium.
   350 | D:1      | Found Vieple's Magic Scroll Boutique.
   357 | D:1      | Bought a scroll of identify for 20 gold pieces
   357 | D:1      | Bought a scroll of identify for 20 gold pieces
   540 | D:1      | Found Dafeev's General Store.
   866 | D:2      | Reached skill level 1 in Stealth
   983 | D:2      | Reached XP level 4. HP: 27/31 MP: 4/4
  1438 | D:3      | Found a glowing drain.
  1447 | Sewer    | Entered a sewer
  1614 | Sewer    | Noticed a brain worm
  1618 | Sewer    | Reached XP level 5. HP: 24/36 MP: 5/5
  1623 | Sewer    | Gained mutation: Your system is resistant to poisons.
                  | (rPois) [potion of mutation]
  1623 | Sewer    | Gained mutation: You are agile. (Dex +4, Str/Int -1)
                  | [potion of mutation]
  1623 | Sewer    | Gained mutation: Potions are less effective at restoring
                  | your health. [potion of mutation]
  1623 | Sewer    | Gained mutation: You are very agile. (Dex +8, Str/Int -2)
                  | [potion of mutation]
  1623 | Sewer    | HP: 1/36 [poisoned by an adder]
  1623 | Sewer    | Slain by an adder

Illustrated notes

Levels and vault maps discovered:
D:1:      nicolae_arrival_memento_mori, layout_rooms, serial_shops,
          nicolae_shop_temple_entry_statues_fountains,
          nicolae_shop_behind_doors, shop, nicolae_diamond_shop,
          minmay_misc_feat_ornament, minmay_misc_feat_nine_boxes,
          minmay_shallow_snake_nest
D:2:      layout_basic, nicolae_figureground_sparkle
D:3:      layout_loops_ring, fedhas_altar_fruit_tree, nicolae_vehumet_radiance,
          portal_sewer_entry_b
Sewer:    sewer_fruit_machine

Skill      XL: |  1  2  3 |
---------------+----------+-----
Stealth        | 1 |  1.7
Unarmed Combat | 3 |  3.9
Fighting       | |  3.4
Dodging        | |  3.3
Shields        | |  3.4

Action                     |  1- 3 |  4- 6 || total
---------------------------+-------+-------++-------
  Melee: Unarmed           |    82 |    53 ||   135
         Constrict         |    21 |    15 ||    36
         Tentacles         |    15 |    13 ||    28
         Punch             |     3 |     3 ||     6
    Use: Scroll            |     2 |     1 ||     3
         Potion            |       |     4 ||     4
   Stab: Sleeping          |     6 |     3 ||     9
 Armour: Skin              |    33 |    31 ||    64
  Dodge: Dodged            |    35 |    36 ||    71
  Block: Buckler           |    11 |    22 ||    33

Table legend: (Time is in decaauts)
 A = Elapsed time spent in this place.
 B = Non-inter-level travel time spent in this place.
 C = Inter-level travel time spent in this place.
 D = Time resting spent in this place.
 E = Time spent auto-exploring this place.
 F = Levels seen in this place.
 G = Mean time per level.
                   A        B        C        D        E       F      G
               +--------+--------+--------+--------+--------+-----+--------+
         Total |   1620 |   1620 |      0 |      0 |    865 |   4 |  405.0 |
       Dungeon |   1445 |   1445 |      0 |      0 |    865 |   3 |  481.7 |
         Sewer |    175 |    175 |      0 |      0 |      0 |   1 |  175.0 |
               +--------+--------+--------+--------+--------+-----+--------+

Top non-repeatable levels by time:
     D:2: 746 daAuts
     D:1: 670 daAuts
   Sewer: 175 daAuts
     D:3: 27 daAuts
